 Dungeon Crawl Stone Soup version 0.17-a0-1951-g62301d3 (webtiles) character file.

33 Geeful the Vexing (level 3, 0/16 HPs)
             Began as a Vine Stalker Enchanter on Oct 2, 2015.
             Succumbed to an adder's poison
             ... on level 2 of the Dungeon.
             The game lasted 00:03:01 (1188 turns).

Geeful the Vexing (Vine Stalker Enchanter)          Turns: 1188, Time: 00:03:01

Health: 0/16       AC:  3    Str: 10    XL:     3   Next: 29%
Magic:  3/7        EV: 12    Int: 16    God:
Gold:   68         SH:  0    Dex: 14    Spells: 3 memorised, 0 levels left

rFire  . . .     SeeInvis .     a - +1 dagger
rCold  . . .     Clarity  .     b - +1 robe
rNeg   . . .     SustAt   .     (no shield)
rPois  .         Gourm    .     (no helmet)
rElec  .         Spirit   +     (no cloak)
rCorr  .         Warding  .     (no gloves)
rMut   .         Stasis   .     (no boots)
MR     .....                    (no amulet)
Stlth  ++........               (no ring)
                                (no ring)

@: lethally poisoned (0 -> -6), very slightly contaminated, not resistant to
hostile enchantments, unstealthy
A: fangs 2, regeneration 1, magic shield, antimagic bite, no device heal 3, rot
immunity
a: no special abilities


You were on level 2 of the Dungeon.
You were not hungry.

You visited 1 branch of the dungeon, and saw 2 of its levels.

You collected 68 gold pieces.

Inventory:

Hand weapons
 a - a +1 dagger (weapon)
Missiles
 i - 13 poisoned needles
Armour
 b - a +1 robe (worn)
Scrolls
 e - a scroll of enchant armour {unknown}
 f - a scroll of fog {unknown}
 g - 5 scrolls of identify {unknown}
 h - a scroll of fear {unknown}
 j - 4 scrolls of remove curse {unknown}
 p - a scroll of magic mapping {unknown}
 q - a scroll of enchant weapon {unknown}
 r - a scroll of teleportation {unknown}
Potions
 k - a potion of curing
 m - a potion of might {unknown}
 n - 2 potions of flight {unknown}
 o - a potion of heal wounds {unknown}
Books
 c - a book of Maledictions

   Spells                             Type                      Level
   a - Corona                         Hexes                        1
   b - Ensorcelled Hibernation        Hexes/Ice                    2
   c - Confuse                        Hexes                        3
   d - Tukima's Dance                 Hexes                        3
   e - Dazzling Spray                 Conjuration/Hexes            3
Comestibles
 d - 2 bread rations
 l - a beef jerky


   Skills:
 - Level 0.8 Short Blades
 - Level 1.5 Dodging
 - Level 3.6 Stealth
 - Level 2.1 Spellcasting
 + Level 4.2 Hexes


You couldn't memorise any spells.
You knew the following spells:

 Your Spells              Type           Power        Failure   Level  Hunger
a - Corona                Hex            ###....      4%          1    #......
b - Ensorcelled Hibernat  Hex/Ice        #.....       14%         2    ###....
c - Confuse               Hex            ###.....     12%         3    ###....


Dungeon Overview and Level Annotations

Branches:
Dungeon (2/15)

Altars:
Nemelex Xobeh


Innate Abilities, Weirdness & Mutations

You have extremely sharp teeth.
Your natural rate of healing is unusually fast.
When hurt, damage is shared between your health and your magic reserves.
Your bite disrupts and absorbs the magic of your enemies.
Potions and wands cannot restore your health.
You are immune to rotting.


Message History

The adder poisons you! The adder bites you.
* * * LOW HITPOINT WARNING * * *
You are more poisoned.
The adder poisons you!
You hit the adder.
The adder is moderately wounded.
* * * LOW HITPOINT WARNING * * *
You feel sick. The adder bites you but does no damage.
You closely miss the adder. You bite the adder. You drain its power.
You feel invigorated.
The adder is heavily wounded.
* * * LOW HITPOINT WARNING * * *
You feel sick. The adder barely misses you.
Casting: Ensorcelled Hibernation
Confirm with . or Enter, or press ? or * to list all spells.
Aiming: Ensorcelled Hibernation
Press: ? - help, Shift-Dir - straight line, f/p - adder
Aim: an adder (heavily wounded, chance to defeat MR: 49%)
The adder resists with some effort.
You die...

.#.# #.# .#.#
#.# .#.#
####.# ...#
#....# ...#
#.#### ...#
#.# ...# ##.##
...#
###...######
.###
#........@S#
.#
#.#..?####.#
.#######.##.##
.# .......#
#.# .#
.......# #.#
.. .#####.#
#.# ## .# #.
.# .#


You could see an adder.

Vanquished Creatures
  A worm (D:2)
  2 giant geckos (D:1)
  An orc (D:2)
  A giant cockroach (D:2)
  A hobgoblin (D:2)
  5 kobolds (D:1)
  A quokka (D:2)
  A ball python (D:2)
  5 bats
  6 goblins
  3 rats
27 creatures vanquished.

Notes
Turn   | Place    | Note
--------------------------------------------------------------
     0 | D:1      | Geeful the Vine Stalker Enchanter began the quest for the Orb.
     0 | D:1      | Reached XP level 1. HP: 9/9 MP: 4/4
   183 | D:1      | Reached XP level 2. HP: 8/13 MP: 1/6
   313 | D:1      | Learned a level 2 spell: Ensorcelled Hibernation
   828 | D:2      | Reached skill level 4 in Hexes
   888 | D:2      | Reached XP level 3. HP: 8/16 MP: 0/7
  1002 | D:2      | Found a sparkling altar of Nemelex Xobeh.
  1113 | D:2      | Learned a level 3 spell: Confuse
  1188 | D:2      | Succumbed to an adder's poison

Vault maps used:
D:1:      elethiomel_arrival_infinity_welcomes_careful_drivers, glass_columns_a
D:2:      nemelex_xobeh_ov_fountains_minmay, first_bread

Action                   || total
-------------------------++-------
Melee: Dagger            ||    71
 Cast: Corona            ||     1
       Ensorcelled Hiber ||     4
  Use: Potion            ||     2
 Stab: Sleeping          ||    10
  Eat: Chunk             ||     1
